 Dungeon Crawl Stone Soup version 0.30-a0-777-ga9a30cbeda (webtiles) character file.

Game seed: 9256235402044652217

278969 FalseProphet the Warrior (level 19, -21/187 (202) HPs)
             Began as a Demonspawn Gladiator on Feb 14, 2023.
             Was a High Priest of Makhleb.
             Killed from afar by a shadow dragon (45 damage)
             ... with a bolt of negative energy
             ... on level 3 of the Depths.
             The game lasted 01:29:13 (37789 turns).

FalseProphet the Warrior (Demonspawn Gladiator)    Turns: 37789, Time: 01:29:14

HP:   -21/187 (202) AC: 30    Str: 27    XL:     19   Next: 64%
MP:   37/37         EV: 19    Int: 11    God:    Makhleb [*****.]
Gold: 4048          SH:  0    Dex: 17    Spells: 18/18 levels left

rFire   + . .      SeeInvis +    H - +9 battleaxe (pain)
rCold   + . .      Faith    .    (shield currently unavailable)
rNeg    . . .      Spirit   .    E - +4 plate armour of Peroycox {Drain rElec rPois rCorr}
rPois   +          Reflect  .    n - +1 hat of Tenacity {SInv}
rElec   +          Harm     .    (cloak unavailable)
rCorr   +          Rampage  ∞    k - +2 pair of gloves
Will    +....      Clarity  +    u - +3 pair of seven-league boots {Rampage+∞} Stlth
                                 (no amulet)
HPRegen 1.51/turn                g - ring of poison resistance
MPRegen 0.25/turn                R - ring "Ucreet" {Contam MP+9 Str+4 Int+2}

@: mighty, agile, about to teleport, resistant, flayed, drained
A: powered by death 3, powered by pain 2, robust 2, sturdy frame 2, weakness
stinger 3, hooves 1, clarity, strong 1
}: 2/15 runes: barnacled, gossamer
a: Renounce Religion, Minor Destruction, Lesser Servant of Makhleb, Major
Destruction, Greater Servant of Makhleb


You were on level 3 of the Depths.
You worshipped Makhleb.
Makhleb was extremely pleased with you.
You visited 7 branches of the dungeon, and saw 34 of its levels.
You also visited: Ossuary.

You collected 4640 gold pieces.
You spent 592 gold pieces at shops.

Inventory:

Hand Weapons
 e - a +5 antimagic broad axe
 q - a +1 battleaxe of flaming
 w - a +2 vampiric executioner's axe
 H - a +9 battleaxe of pain (weapon)
 Y - the +8 whip "Snakebite" {venom, curare, rPois}
   (You found it on level 2 of the Depths)

   rPois:     It protects you from poison.
Missiles
 d - 5 throwing nets (quivered)
 L - 4 silver javelins
 P - 3 javelins
Armour
 k - a +2 pair of gloves (worn)
 m - +0 fire dragon scales
 n - the +1 hat of Tenacity (worn) {SInv}
   (You bought it in a shop on level 3 of the Shoals)

   SInv:      It lets you see invisible.
 t - a +4 chain mail
 u - the +3 pair of seven-league boots (worn) {Rampage+∞}
   (You found it on level 15 of the Dungeon)

   Rampage+∞: When moving toward enemies, its wearer moves as far as possible.
 E - the +4 plate armour of Peroycox (worn) {Drain rElec rPois rCorr}
   (You found it on level 9 of the Dungeon)

   rElec:     It insulates you from electricity.
   rPois:     It protects you from poison.
   rCorr:     It protects you from acid and corrosion.
   Drain:     It drains your maximum health when unequipped.
Jewellery
 a - a ring of willpower
 g - a ring of poison resistance (left hand)
 i - an amulet of guardian spirit
 C - a +5 ring of evasion
 I - an amulet of the acrobat
 J - a ring of wizardry
 N - a ring of fire
 Q - a ring of resist corrosion
 R - the ring "Ucreet" (right hand) {Contam MP+9 Str+4 Int+2}
   (You found it on level 4 of the Shoals)

   [ring of magical power]

   Str:       It affects your strength (+4).
   Int:       It affects your intelligence (+2).
   MP:        It affects your magic capacity (+9).
   Contam:    It causes magical contamination when unequipped.
 T - a ring of flight
 U - a ring of protection from cold
 X - the ring of the Raven {Drain Will+ Dex+2 SInv}
   (You found it on level 2 of the Depths)

   [ring of see invisible]

   Dex:       It affects your dexterity (+2).
   SInv:      It lets you see invisible.
   Drain:     It drains your maximum health when unequipped.
   Will:      It increases your willpower.
Wands
 F - a wand of paralysis (8)
 G - a wand of flame (61)
 O - a wand of iceblast (30)
 S - a wand of digging (10)
Scrolls
 c - 4 scrolls of amnesia
 f - 20 scrolls of identify
 p - 2 scrolls of fog
 r - 6 scrolls of magic mapping
 v - a scroll of summoning
 x - a scroll of blinking
 y - 10 scrolls of teleportation
 D - 9 scrolls of fear
 K - 6 scrolls of poison
 M - a scroll of silence
Potions
 b - 8 potions of curing
 l - 8 potions of flight
 o - 4 potions of ambrosia
 s - a potion of brilliance
 z - 3 potions of cancellation
 A - 4 potions of magic
 B - a potion of resistance
 V - 2 potions of might
Miscellaneous
 j - a condenser vane
 Z - a phantom mirror


   Skills:
 + Level 20.0 Fighting
 + Level 19.8(20.0) Axes
 + Level 3.9(13.6) Maces & Flails
 + Level 2.1 Throwing
 * Level 15.5 Armour
 + Level 9.0 Dodging
 + Level 4.9 Stealth
 + Level 12.3 Invocations
 + Level 0.2 Evocations


You had 18 spell levels left.
You didn't know any spells.
Your spell library contained the following spells:

 Spells                   Type           Power      Damage    Failure   Level
 Apportation              Tloc           0%         N/A       71%         1
 Beastly Appendage        Tmut           0%         N/A       71%         1
 Freeze                   Ice            0%         1d3       71%         1
 Kiss of Death            Conj/Necr      0%         2d5       71%         1
 Necrotise                Necr           0%         1d4       71%         1
 Shock                    Conj/Air       0%         1d3       71%         1
 Slow                     Hex            0%         N/A       71%         1
 Summon Small Mammal      Summ           0%         N/A       71%         1
 Scorch                   Fire           0%         2d5       85%         2
 Sublimation of Blood     Necr           0%         N/A       85%         2
 Wereblood                Tmut           0%         N/A       85%         2
 Call Canine Familiar     Summ           0%         N/A       97%         3
 Confusing Touch          Hex            0%         N/A       97%         3
 Frozen Ramparts          Ice            0%         1d1       97%         3
 Gell's Gravitas          Tloc           0%         N/A       97%         3
 Hailstorm                Conj/Ice       0%         3d3       97%         3
 Kindle Blastsparks       Fire/Tloc/Air  0%         2d10      97%         3
 Ozocubu's Armour         Ice            0%         N/A       97%         3
 Spider Form              Tmut/Pois      0%         N/A       97%         3
 Summon Guardian Golem    Hex/Summ       0%         N/A       97%         3
 Swiftness                Air            0%         N/A       97%         3
 Teleport Other           Tloc           0%         N/A       97%         3
 Vampiric Draining        Necr           0%         2d6       97%         3
 Airstrike                Air            0%         2d(0-16)  100%        4
 Anguish                  Hex/Necr       0%         N/A       100%        4
 Animate Dead             Necr           0%         N/A       100%        4
 Dispel Undead            Necr           0%         3d6       100%        4
 Flame Wave               Conj/Fire      0%         2d4       100%        4
 Fulminant Prism          Conj/Hex       0%         3d5       100%        4
 Iskenderun's Mystic Bla  Conj/Tloc      0%         2d3       100%        4
 Leda's Liquefaction      Hex/Erth       0%         N/A       100%        4
 Petrify                  Tmut/Erth      0%         N/A       100%        4
 Summon Lightning Spire   Summ/Air       0%         N/A       100%        4
 Agony                    Necr           0%         N/A       100%        5
 Alistair's Intoxication  Tmut/Pois      0%         N/A       100%        5
 Blade Hands              Tmut           0%         N/A       100%        5
 Irradiate                Conj/Tmut      0%         3d11      100%        5
 Lee's Rapid Deconstruct  Erth           0%         3d4*      100%        5
 Metabolic Englaciation   Hex/Ice        0%         N/A       100%        5
 Summon Forest            Summ/Tloc      0%         N/A       100%        5
 Summon Mana Viper        Hex/Summ       0%         N/A       100%        5
 Dispersal                Tloc           0%         N/A       100%        6
 Eringya's Noxious Bog    Tmut/Pois      0%         N/A       100%        6
 Statue Form              Tmut/Erth      0%         N/A       100%        6
 Summon Cactus Giant      Summ           0%         N/A       100%        6
 Dragon Form              Tmut           0%         N/A       100%        7
 Enfeeble                 Hex            0%         N/A       100%        7
 Haunt                    Necr/Summ      0%         N/A       100%        7
 Storm Form               Tmut/Air       0%         N/A       100%        7
 Summon Hydra             Summ           0%         N/A       100%        7
 Ignition                 Fire           0%         3d3       100%        8
 Infestation              Necr           0%         N/A       100%        8
 Maxwell's Capacitive Co  Air            0%         ∞         100%        8
 Polar Vortex             Ice            0%         N/A       100%        9


Dungeon Overview and Level Annotations

Branches:
Dungeon (15/15)            Temple (1/1) D:4            Lair (5/5) D:9
 Shoals (4/4) Lair:3       Spider (4/4) Lair:2        Slime (0/5) Lair:5
    Orc (2/2) D:10            Elf (0/3) Orc:2        Vaults (0/5) D:13
 Depths (3/4) D:15        Ossuary (visited)

Altars:
Ashenzari
Cheibriados
Dithmenos
Fedhas
Gozag
Hepliaklqana
Kikubaaqudgha
Makhleb
Nemelex Xobeh
Okawaru
Qazlal
Ru
Sif Muna
Trog
Uskayaw
Vehumet
Wu Jian
Xom

Shops:
D:4 *   D:6 :*   Orc:2 [([!*   Shoals:3 *

Portals:
Hell: Depths:1 Depths:2
Abyss: Depths:1
Pandemonium: Depths:2

Annotations:
D:11 2 transporters, jimonade's ghost, journeyman OgGl
D:14 2 transporters, Plog's ghost, journeyman DECj
Lair:5 1 runed translucent door
Spider:1 1 runed translucent door, abarbat's ghost, adept MiBe
Depths:3 Parghit


Innate Abilities, Weirdness & Mutations

You regenerate a lot of health from kills.
You sometimes gain power by taking damage.
You are very robust. (+20% HP)
Your movements are less encumbered by armour. (ER -4)
You have a sharp stinger which inflicts weakening toxins.
You have large cloven feet.
You possess an exceptional clarity of mind.
Your muscles are strong. (Str +4, Int/Dex -1)


Message History

You feel strangely unstable.
The deep troll shaman bites you but does no damage.
The deep troll shaman misses you.
The deep troll shaman claws you but does no damage.
The deep troll earth mage bites you but does no damage.
The deep troll earth mage claws you!
* * * LOW HITPOINT WARNING * * *
The deep troll earth mage barely misses you.
You slice the glowing orange brain!!
The glowing orange brain is moderately wounded.
You hit the deep troll shaman. You slash the deep troll earth mage!
You slice the glowing orange brain!! You tail-slap the glowing orange brain.
You kill the glowing orange brain!
Makhleb accepts your kill.
You feel better.
You hit the deep troll shaman. You slice the deep troll earth mage!!
You kill the deep troll earth mage!
Makhleb accepts your kill.
You feel better.
The deep troll shaman barely misses you.
The deep troll shaman misses you.
The deep troll shaman completely misses you.
The fire dragon breathes flames at you. The blast of flame hits you!
You resist.
* * * LOW HITPOINT WARNING * * *
The lich gestures wildly while chanting.
The lich seems to speed up.
You hear a deafening roar!
You slice the iron troll!!
The iron troll is moderately wounded.
You slash the juggernaut! You hit the deep troll shaman.
You closely miss the shadow dragon.
The juggernaut looks more healthy.
The juggernaut is poisoned.
The juggernaut hits you!!
* * * LOW HITPOINT WARNING * * *
You focus on the pain.
You feel agile all of a sudden. The juggernaut misses you.
The shadow dragon breathes negative energy at you.
The bolt of negative energy hits you!!!
You feel drained.
You die...

#)################
#.# .... #.###....
#§#..#...
#§#...#.. ##
#☼.....#. #....
#.# #§......#
..G.L #.#
#○T.....##..CTT
#.##@TT...#..#....
#.#CDL..#..$.#...
#§..DW#.........
##§.##C.......#
#T.##....C...#
#○#..#......#..
#○#§..#T...#...
#.#.§.(...#D. .
#.[.....##. ...


You could see a juggernaut (poisoned), a shadow dragon (catching breath),
Parghit (weak), a fire dragon (catching breath), 2 iron trolls, a stone giant
(poisoned), a lich (fast, invisible), a flayed ghost and a deep troll shaman.

Vanquished Creatures
  A juggernaut (Depths:2)
  Bai Suzhen (Depths:2)
  2 golden dragons
  2 liches
  Mlioglotl (Spider:3)
  A walking divine tome (Depths:2)
  A sphinx (Depths:1)
  A storm dragon (Shoals:4)
  2 tengu reavers (Depths:2)
  Kirke (Spider:3)
  Roxanne (D:15)
  3 fire giants
  2 frost giants
  4 ghost moths
  8 emperor scorpions
  5 spectral caustic shrikes (Depths:1)
  An iron dragon (Depths:2)
  An orc warlord (Orc:2)
  A spriggan defender (Depths:2)
  7 stone giants
  14 very ugly things
  A juggernaut skeleton (Depths:2)
  Nessos (D:13)
  A vampire knight (Depths:2)
  The ghost of mandoloar the Severer, a journeyman MiFi of Okawaru (Lair:5)
  A dire elephant (D:15)
  4 spark wasps (Depths:2)
  Snorg (D:12)
  3 merfolk javelineers (Shoals:4)
  6 ettins
  8 merfolk impalers
  3 jiangshi (Depths:1)
  7 entropy weavers
  4 ice dragons
  A quicksilver dragon zombie (Depths:2)
  4 fire dragons
  3 jorogumos
  A spriggan air mage (Depths:3)
  11 hydras
  2 catoblepae (Lair:5)
  3 centaur warriors
  An ogre mage (D:15)
  4 boulder beetles
  A death knight (D:14)
  2 radroaches
  A satyr (Shoals:3)
  An alligator snapping turtle (Shoals:4)
  3 merfolk avatars
  2 two-headed ogres
  6 merfolk aquamancers
  4 deep troll shamans
  4 tengu warriors
  5 spriggan berserkers
  A death scarab (Spider:1)
  5 deep troll earth magi
  A titan zombie (Depths:1)
  3 death yaks (D:9)
  An orc high priest (Orc:2)
  2 vampire magi (Depths:1)
  10 hell knights
  Sonja (Orc:2)
  3 skeletal warriors (D:14)
  7 pharaoh ants
  13 sea snakes
  Lodul (D:11)
  An iron troll (Depths:2)
  A spriggan rider (Depths:2)
  8 orb spiders
  A spark wasp zombie (Depths:1)
  10 deep trolls
  A lindwurm (Lair:5)
  5 skysharks
  A quicksilver dragon simulacrum (Depths:2)
  3 glowing orange brains
  21 harpies
  6 steelbarb worms
  A golden dragon skeleton (Depths:2)
  2 orc knights (Orc:2)
  4 deep elf pyromancers
  4 phantasmal warriors
  Pikel (D:8)
  A tengu zombie (Depths:2)
  21 wolf spiders
  4 necromancers
  A shadow dragon skeleton (Depths:2)
  2 orc sorcerers
  5 cyclopes
  A salamander (D:15)
  10 manticores
  7 fauns
  A moth of wrath (Spider:1)
  12 ugly things
  7 merfolk sirens
  A guardian serpent (D:15)
  4 demonic crawlers
  A stone giant skeleton (Depths:1)
  A frost giant skeleton (Depths:2)
  15 elephants
  6 black mambas
  8 water nymphs
  2 titan simulacra (Depths:2)
  A gargoyle (D:12)
  19 cane toads
  2 torpor snails
  5 komodo dragons
  An unseen horror (shapeshifter) (D:14)
  A spark wasp simulacrum (Depths:2)
  A freezing wraith (D:15)
  An efreet (D:15)
  3 tengu conjurers
  19 merfolk
  A polar bear (Lair:4)
  A meliai (shapeshifter) (D:15)
  5 wind drakes (Shoals:4)
  7 trolls
  3 hornets
  4 tyrant leeches (Lair:5)
  23 tarantellas
  22 blink frogs
  5 snapping turtles
  A frost giant simulacrum (Depths:2)
  2 dream sheep (Shoals:2)
  An ettin zombie (Depths:1)
  28 jumping spiders
  12 air elementals (Shoals:4)
  3 spriggans
  2 shadows (D:10)
  17 culicivoras
  22 water elementals
  A hog (shapeshifter) (D:15)
  3 wraiths
  45 yaks
  A vampire (D:9)
  4 hogs (Spider:3)
  4 wyverns
  5 basilisks
  21 vampire mosquitoes
  3 chaos spawn (Depths:1)
  53 redbacks
  A steam dragon (D:6)
  A warg (Orc:1)
  3 acid dragons
  15 water moccasins
  2 black bears (D:5)
  25 orc warriors
  An ice beast (D:7)
  2 sky beasts (D:7)
  3 large abominations (Depths:1)
  10 ogres
  A tengu (shapeshifter) (D:15)
  7 wolves
  15 centaurs
  A lemure (D:8)
  A phantom (D:4)
  3 kobold brigands
  18 bullfrogs
  A gnoll sergeant (D:8)
  2 necrophages (D:7)
  A killer bee (shapeshifter) (Depths:2)
  2 jellies (D:5)
  2 electric eels
  4 howler monkeys
  A human zombie (Ossuary)
  2 centaur zombies (Ossuary)
  15 orc priests
  2 hounds
  8 small abominations (Depths:1)
  4 iguanas
  25 orc wizards
  3 hell rats (Lair:3)
  5 mummies
  14 gnolls
  11 adders
  2 shadow imps
  A white imp (D:6)
  7 dart slugs
  85 orcs
  8 endoplasms
  4 giant cockroaches
  10 hobgoblins
  6 jackals (D:2)
  3 quokkas
  4 ball pythons
  2 bats
  4 frilled lizards
  7 goblins
  A goblin zombie (Ossuary)
  23 kobolds
  2 kobold zombies
  4 orc zombies
  6 rats
1130 creatures vanquished.

Vanquished Creatures (collateral kills)
  A tengu reaver (Depths:2)
  2 emperor scorpions (Spider:4)
  A fire giant (Depths:3)
  A ghost moth (Spider:4)
  A stone giant (Depths:3)
  A merfolk javelineer (Shoals:3)
  A merfolk impaler (Shoals:1)
  A jorogumo (Spider:1)
  A merfolk aquamancer (Shoals:4)
  2 sun moths
  2 sea snakes (Shoals:4)
  A pharaoh ant (Spider:2)
  A harpy (Shoals:1)
  2 fauns (Shoals:1)
  4 wolf spiders
  3 elephants
  2 demonic crawlers
  A komodo dragon (Lair:3)
  A queen bee (shapeshifter) (D:15)
  A merfolk (D:15)
  2 wind drakes (Shoals:4)
  A tarantella (Spider:4)
  A blink frog (Lair:5)
  2 jumping spiders
  An air elemental (Shoals:4)
  A yak (Lair:5)
  A chaos spawn (Depths:1)
  9 redbacks
  2 ogres (D:11)
  An orc priest (Orc:2)
  2 hell rats (Lair:3)
53 creatures vanquished.

Vanquished Creatures (others)
  A merfolk aquamancer (Shoals:4)
  A wizard (D:13)
  5 orcs
  31 fungi
  109 plants
147 creatures vanquished.

Grand Total: 1330 creatures vanquished

Notes
Turn   | Place    | Note
-------+----------+-------------------------------------------
     0 | D:1      | FalseProphet the Demonspawn Gladiator began the quest for
                  | the Orb.
     0 | D:1      | Reached XP level 1. HP: 16/16 MP: 1/1
   411 | D:1      | Gained mutation: Your movements are slightly less
                  | encumbered by armour. (ER -2) [demonic ancestry]
   411 | D:1      | Reached XP level 2. HP: 19/22 MP: 2/2
   636 | D:2      | Reached XP level 3. HP: 27/27 MP: 3/3
  1505 | D:3      | Reached XP level 4. HP: 34/34 MP: 4/4
  1516 | D:3      | Identified the +3 ring mail "Remom" {+Blink Slay+3}
  1831 | D:3      | Reached skill level 1 in Armour
  1992 | D:3      | Reached skill level 1 in Stealth
  2263 | D:4      | Gained mutation: You have a small tail. [demonic ancestry]
  2263 | D:4      | Reached XP level 5. HP: 39/39 MP: 5/5
  2269 | D:4      | Found a staircase to the Ecumenical Temple.
  2307 | Temple   | Entered the Ecumenical Temple
  2318 | Temple   | Became a worshipper of Makhleb the Destroyer
  2429 | D:4      | Found Ifid's Fire Supplies.
  2623 | D:4      | Gained mutation: You have a tail ending in a sharp stinger.
                  | [demonic ancestry]
  2623 | D:4      | Reached XP level 6. HP: 39/46 MP: 6/6
  2704 | D:4      | Reached skill level 3 in Fighting
  2788 | D:4      | Reached skill level 5 in Axes
  2962 | D:4      | Reached * piety under Makhleb
  3028 | D:4      | Found a shimmering blue altar of Sif Muna.
  3028 | D:4      | Found an opulent altar of Gozag.
  3028 | D:4      | Found a stormy altar of Qazlal.
  3029 | D:4      | Found an ornate altar of the Wu Jian Council.
  3342 | D:5      | Entered Level 5 of the Dungeon
  3408 | D:5      | Gained mutation: You regenerate a little health from kills.
                  | [demonic ancestry]
  3408 | D:5      | Reached XP level 7. HP: 45/52 MP: 7/7
  4698 | D:6      | Reached skill level 7 in Fighting
  4698 | D:6      | Reached skill level 5 in Armour
  4698 | D:6      | Reached skill level 5 in Dodging
  4698 | D:6      | Gained mutation: You sometimes gain a little power by
                  | taking damage. [demonic ancestry]
  4698 | D:6      | Reached XP level 8. HP: 68/68 MP: 7/12
  4862 | D:6      | Found an ancient bone altar of Kikubaaqudgha.
  4883 | D:6      | Found Som Jewe's Lightly-Used Armoury.
  4885 | D:6      | Found Riunigu's Book Shoppe.
  4891 | D:6      | Bought a -1 executioner's axe for 70 gold pieces
  5187 | D:6      | Gained mutation: Your movements are less encumbered by
                  | armour. (ER -4) [demonic ancestry]
  5187 | D:6      | Reached XP level 9. HP: 25/74 MP: 13/13
  5825 | D:7      | Reached skill level 8 in Fighting
  5991 | D:7      | Reached ** piety under Makhleb
  6430 | D:7      | Found a snail-covered altar of Cheibriados.
  6966 | D:8      | Found a sand-covered staircase.
  6981 | Ossuary  | Entered an ossuary
  7068 | Ossuary  | Reached *** piety under Makhleb
  7159 | D:8      | Found a sparkling altar of Nemelex Xobeh.
  7203 | D:8      | Noticed Pikel
  7209 | D:8      | Killed Pikel
  7295 | D:8      | Gained mutation: You have sharp toenails. [potion of
                  | mutation]
  7296 | D:8      | Lost mutation: You have sharp toenails. [potion of
                  | mutation]
  7296 | D:8      | Gained mutation: You have a pair of small horns on your
                  | head. [potion of mutation]
  7296 | D:8      | Gained mutation: Your movements are significantly less
                  | encumbered by armour. (ER -6) [potion of mutation]
  7296 | D:8      | Gained mutation: Your spells are a little harder to cast,
                  | but a little more powerful. [potion of mutation]
  7356 | D:8      | Noticed a troll
  7364 | D:8      | Killed a troll
  7365 | D:8      | Gained mutation: You have a sharp stinger which inflicts
                  | weakening toxins. [demonic ancestry]
  7365 | D:8      | Reached XP level 10. HP: 78/82 MP: 14/14
  7774 | D:9      | Found a shadowy altar of Dithmenos.
  7828 | D:9      | Found an iron altar of Okawaru.
  7853 | D:9      | Identified the +4 plate armour of Peroycox {Drain rElec
                  | rPois rCorr}
  8008 | D:9      | Noticed a death yak
  8008 | D:9      | Noticed a death yak
  8009 | D:9      | Found a staircase to the Lair.
  8015 | D:9      | Noticed a death yak
  8022 | D:9      | Killed a death yak
  8028 | D:9      | Killed a death yak
  8029 | D:9      | Reached skill level 9 in Fighting
  8039 | D:9      | Killed a death yak
  8334 | D:10     | Entered Level 10 of the Dungeon
  8489 | D:10     | Reached skill level 10 in Axes
  8489 | D:10     | Reached XP level 11. HP: 89/89 MP: 15/15
  8571 | D:10     | Reached **** piety under Makhleb
  8685 | D:10     | Found a staircase to the Orcish Mines.
  8978 | Orc:1    | Entered Level 1 of the Orcish Mines
  9217 | Orc:2    | Entered Level 2 of the Orcish Mines
  9320 | Orc:2    | Noticed Sonja
  9375 | Orc:2    | Killed Sonja
  9376 | Orc:2    | Reached skill level 10 in Fighting
  9511 | Orc:2    | Found a staircase to the Elven Halls.
  9557 | Orc:2    | Found Budd's Armour Shoppe.
  9681 | Orc:2    | Found Xeffiugaj's Distillery.
  9686 | Orc:2    | Reached ***** piety under Makhleb
  9808 | Orc:2    | Noticed an orc warlord
  9810 | Orc:2    | Noticed an orc sorcerer
  9855 | Orc:1    | Paralysed by an orc sorcerer for 2 turns
  9863 | Orc:1    | Killed an orc sorcerer
  9970 | Orc:2    | Killed an orc warlord
 10153 | Orc:2    | Noticed an orc sorcerer
 10154 | Orc:2    | Found Luciu's General Store.
 10160 | Orc:2    | Noticed a soul eater
 10165 | Orc:2    | Killed an orc sorcerer
 10205 | Orc:2    | Noticed an orc knight
 10228 | Orc:2    | Killed an orc knight
 10704 | Orc:2    | Noticed an orc knight
 10726 | Orc:2    | Killed an orc knight
 10827 | Orc:2    | Noticed an orc high priest
 10835 | Orc:2    | Killed an orc high priest
 10873 | Orc:2    | Found Qomukec's Antique Weapon Boutique.
 10876 | Orc:2    | Found Lykh's Antique Armour Shop.
 10922 | Orc:2    | Bought a potion of berserk rage for 75 gold pieces
 10922 | Orc:2    | Bought a potion of mutation for 120 gold pieces
 10922 | Orc:2    | Lost mutation: Your movements are significantly less
                  | encumbered by armour. (ER -6) [potion of mutation]
 10922 | Orc:2    | Lost mutation: Your spells are a little harder to cast, but
                  | a little more powerful. [potion of mutation]
 10922 | Orc:2    | Gained mutation: You are robust. (+10% HP) [potion of
                  | mutation]
 10922 | Orc:2    | Gained mutation: You possess an exceptional clarity of
                  | mind. [potion of mutation]
 10982 | Orc:1    | Gained mutation: You sometimes gain power by taking damage.
                  | [demonic ancestry]
 10982 | Orc:1    | Reached XP level 12. HP: 76/108 MP: 17/17
 11437 | Lair:1   | Entered Level 1 of the Lair of Beasts
 11459 | Lair:1   | Reached skill level 11 in Fighting
 12625 | Lair:2   | Found a hole to the Spider Nest.
 12683 | Lair:2   | Identified the +4 ring mail of Charity {rPois Will- Int+3
                  | SInv}
 12929 | Lair:2   | Noticed an eight-headed hydra
 12938 | Lair:2   | Killed an eight-headed hydra
 13144 | Lair:2   | Noticed a boulder beetle
 13176 | Lair:2   | Killed a boulder beetle
 13848 | Lair:3   | Noticed a five-headed hydra
 13862 | Lair:3   | Killed a seven-headed hydra
 13863 | Lair:3   | Reached skill level 12 in Fighting
 13887 | Lair:3   | Reached skill level 1 in Maces & Flails
 13887 | Lair:3   | Mutation became permanent: You are robust. (+10% HP)
                  | [demonic ancestry]
 13887 | Lair:3   | Gained mutation: You are robust. (+10% HP) [demonic
                  | ancestry]
 13887 | Lair:3   | Reached XP level 13. HP: 72/118 MP: 18/18
 14590 | Lair:3   | Found a staircase to the Shoals.
 15516 | Lair:5   | Entered Level 5 of the Lair of Beasts
 15552 | Lair:5   | Found a runed translucent door.
 15556 | Lair:5   | Noticed an acid blob
 15601 | Lair:5   | HP: 8/178 [blink frog (6)]
 15623 | Lair:5   | Found a staircase to the Slime Pits.
 15658 | Lair:5   | Reached skill level 10 in Armour
 15899 | Lair:5   | Reached skill level 13 in Fighting
 15984 | Lair:5   | Gained mutation: You regenerate health from kills. [demonic
                  | ancestry]
 15984 | Lair:5   | Reached XP level 14. HP: 96/129 MP: 19/19
 16042 | Lair:5   | Found a runed translucent door.
 16042 | Lair:5   | Noticed mandoloar's ghost (journeyman MiFi)
 16314 | Lair:5   | Reached ****** piety under Makhleb
 17757 | Lair:5   | Killed mandoloar's ghost
 18476 | D:11     | Found a transporter.
 18483 | D:11     | Noticed jimonade's ghost (journeyman OgGl)
 18535 | D:11     | Found a transporter.
 18537 | D:11     | Noticed Lodul
 18564 | D:11     | Killed Lodul
 18630 | D:11     | Identified the +6 spear "Geczinis" {heavy, *Corrode rElec
                  | rN++ Stlth+}
 19333 | D:13     | Noticed Nessos
 19547 | D:12     | HP: 6/130 [poisoned by Nessos]
 19989 | D:13     | Noticed Snorg
 20003 | D:12     | Killed Snorg
 20042 | D:13     | Killed Nessos
 20339 | D:13     | Reached skill level 14 in Fighting
 20653 | D:13     | Found a gate to the Vaults.
 20862 | D:13     | Identified the +0 dagger "Ogreslayer" {antimagic, *Corrode
                  | rPois rN+ Dex+4}
 21286 | D:14     | Reached XP level 15. HP: 76/138 MP: 21/21
 21301 | D:14     | Reached skill level 15 in Axes
 21605 | D:14     | You fall into a shaft and drop 1 floor!
 21605 | D:15     | Entered Level 15 of the Dungeon
 21740 | D:14     | Noticed Plog's ghost (journeyman DECj)
 21741 | D:14     | Found a transporter.
 21741 | D:14     | Noticed a fire giant
 21795 | D:14     | Found a transporter.
 21800 | D:14     | Identified the +1 great mace "Goej" {freeze, rElec Int+3}
 21800 | D:14     | Noticed a frost giant
 22011 | D:15     | Noticed Roxanne
 22045 | D:15     | Killed Roxanne
 22476 | D:15     | Found a staircase to the Depths.
 22825 | D:15     | Found the +3 pair of seven-league boots {Rampage+∞}
 23102 | Spider:1 | Entered Level 1 of the Spider Nest
 23236 | Spider:1 | Reached skill level 15 in Fighting
 23410 | Spider:1 | HP: 3/136 [demonic crawler (4)]
 23651 | Spider:1 | Found a shimmering altar of Xom.
 23651 | Spider:1 | Noticed abarbat's ghost (adept MiBe)
 23652 | Spider:1 | Found a runed translucent door.
 24673 | Spider:1 | Gained mutation: Potions are less effective at restoring
                  | your health. [mutagenic glow]
 25673 | Spider:2 | Reached XP level 16. HP: 81/141 MP: 23/23
 26527 | Spider:3 | Lost mutation: You have a pair of small horns on your head.
                  | [mutagenic glow]
 27821 | Spider:3 | Reached skill level 16 in Fighting
 27839 | Spider:3 | Reached skill level 10 in Invocations
 28483 | Spider:4 | Entered Level 4 of the Spider Nest
 28696 | Spider:4 | Noticed Kirke
 28751 | Spider:3 | Killed Kirke
 28908 | Spider:4 | Noticed Mlioglotl
 29224 | Spider:3 | Killed Mlioglotl
 29829 | Spider:4 | Identified a scroll of acquirement
 29842 | Spider:4 | Acquired a +0 battleaxe of flaming
 29972 | Spider:4 | Gained mutation: You regenerate a lot of health from kills.
                  | [demonic ancestry]
 29972 | Spider:4 | Reached XP level 17. HP: 125/160 MP: 17/25
 30119 | Spider:4 | Got a gossamer rune of Zot
 30123 | Spider:4 | Lost mutation: You possess an exceptional clarity of mind.
                  | [potion of mutation]
 30123 | Spider:4 | Lost mutation: Potions are less effective at restoring your
                  | health. [potion of mutation]
 30123 | Spider:4 | Gained mutation: Your muscles are strong. (Str +4, Int/Dex
                  | -1) [potion of mutation]
 30123 | Spider:4 | Gained mutation: You possess an exceptional clarity of
                  | mind. [potion of mutation]
 30123 | Spider:4 | Gained mutation: You have large cloven feet. [potion of
                  | mutation]
 30366 | Shoals:1 | Entered Level 1 of the Shoals
 30785 | Shoals:1 | Reached skill level 17 in Fighting
 31450 | Shoals:2 | Identified the +6 spear "Udgh" {protect, rPois rF+ Will-}
 31754 | Shoals:2 | Identified the +1 scale mail of Freedom {rPois rN+ Will-}
 32091 | Shoals:3 | Identified the +7 flail of Xeimadun {venom, rPois}
 32356 | Shoals:3 | Found Hkhluracw's Humungous Hoard.
 32369 | Shoals:3 | Bought the +1 hat of Tenacity {SInv} for 262 gold pieces
 32369 | Shoals:3 | Bought a potion of heal wounds for 65 gold pieces
 32694 | Shoals:4 | Entered Level 4 of the Shoals
 32717 | Shoals:4 | Paralysed by an air elemental for 1 turns
 32736 | Shoals:4 | Paralysed by an air elemental for 1 turns
 32850 | Shoals:4 | Paralysed by an air elemental for 1 turns
 32912 | Shoals:4 | Paralysed by an air elemental for 1 turns
 32916 | Shoals:4 | Paralysed by an air elemental for 1 turns
 32928 | Shoals:4 | Reached XP level 18. HP: 166/171 MP: 26/26
 33001 | Shoals:4 | Reached skill level 18 in Fighting
 33036 | Shoals:4 | Paralysed by an air elemental for 1 turns
 33089 | Shoals:4 | Paralysed by an air elemental for 1 turns
 33129 | Shoals:4 | Paralysed by an air elemental for 1 turns
 33135 | Shoals:4 | Paralysed by an air elemental for 1 turns
 33355 | Shoals:4 | Got a barnacled rune of Zot
 33356 | Shoals:4 | Identified the +4 demon trident of Drought {freeze, rElec
                  | Dex+2}
 33369 | Shoals:4 | Identified the ring "Ucreet" {Contam MP+9 Str+4 Int+2}
 33689 | Depths:1 | Entered Level 1 of the Depths
 33744 | Depths:1 | Found a gateway to Hell.
 33961 | Depths:1 | Found a broken altar of Ashenzari.
 34318 | Depths:1 | Found a one-way gate to the infinite horrors of the Abyss.
 34530 | Depths:1 | HP: 3/174 [ettin/+0 dire flail (12)]
 34531 | Depths:1 | HP: 1/174 [ettin/+0 dire flail (5)]
 34994 | Depths:1 | Reached skill level 19 in Fighting
 35317 | Depths:2 | Found a one-way gate leading to the halls of Pandemonium.
 35841 | Depths:2 | Reached skill level 15 in Armour
 35934 | Depths:2 | Acquired 1216 gold pieces
 36046 | Depths:2 | Noticed Bai Suzhen
 36068 | Depths:2 | Killed Bai Suzhen
 36140 | Depths:2 | Gained mutation: You are very robust. (+20% HP) [demonic
                  | ancestry]
 36140 | Depths:2 | Reached XP level 19. HP: 42/199 MP: 27/27
 36438 | Depths:2 | Got the Dissertation on Wintry Embers
 36949 | Depths:2 | Found the +8 whip "Snakebite" {venom, curare, rPois}
 36949 | Depths:2 | Noticed a golden dragon
 36950 | Depths:2 | Noticed a juggernaut
 36965 | Depths:2 | Killed a juggernaut
 36968 | Depths:2 | Killed a golden dragon
 37102 | Depths:2 | Identified the +7 dagger "Taetuepp" {flame, rC+ Int+3
                  | Dex+2}
 37106 | Depths:2 | Identified the ring of the Raven {Drain Will+ Dex+2 SInv}
 37117 | Depths:2 | Identified the +5 dagger of the Lachrymose God {freeze, rC+
                  | Will+ Str+3 Dex-2}
 37485 | Depths:3 | Reached skill level 20 in Fighting
 37560 | Depths:3 | Noticed a golden dragon
 37572 | Depths:3 | Killed a golden dragon
 37573 | Depths:3 | Noticed Parghit
 37769 | Depths:3 | Noticed a juggernaut
 37789 | Depths:3 | Killed from afar by a shadow dragon

Illustrated notes

Levels and vault maps discovered:
D:1:      minmay_arrival_glassed_features, layout_loops_ring, nrook_campfire
D:2:      layout_rooms, serial_rivers, chequers_serial_rivers_room_a,
          chequers_serial_rivers_small_3, chequers_serial_rivers_micro_e,
          chequers_serial_rivers_micro_e, chequers_serial_rivers_room_a,
          chequers_serial_rivers_small_3, minmay_misc_feat_doors,
          minmay_misc_feat_rows
D:3:      minmay_razor_zed, layout_rooms
D:4:      layout_gridville, minitemple, minmay_temple_entry_proselytizer,
          serial_bayou, serial_bayou_crossing, serial_bayou_shore_a,
          serial_bayou_ford_a, serial_bayou_pond_c, serial_bayou_pond_a,
          abandoned_shop, nicolae_shop_fire_sale [nicolae_sub_dead_trees],
          minmay_misc_feat_more_columns, chequers_serial_rivers_marsh
D:5:      layout_loops_corners
D:6:      minmay_general_purpose_star, layout_loops_ring, lemuel_doored_altar,
          serial_shops, shop, minmay_shop_damaged
D:7:      layout_basic, lemuel_tele_altar, lemuel_flamethrower_2
D:8:      layout_loops_ring, nemelex_xobeh_ov_fountains_minmay,
          nicolae_ossuary_entry_giza, uniq_pikel
D:9:      layout_rooms, lemuel_coloured_pillars_altar, okawaru_gym_becter,
          dpeg_lair_monsters
D:10:     layout_roguey, orc_0_dummy
D:11:     layout_basic, gammafunk_ghost_stat_death, uniq_lodul
D:12:     layout_rooms
D:13:     layout_rooms, david_vaults_4, uniq_snorg, uniq_nessos
D:14:     layout_cave_pools, gammafunk_ghost_smash, minmay_misc_feat_room
D:15:     hangedman_depths_entry_try_elsewhere_first, layout_basic,
          minmay_misc_feat_four_crosses,
          hellmonk_guarded_unrand_seven_league_boots, uniq_roxanne
Temple:   nicolae_temple_ecumenical_triangle
Lair:1:   layout_chaotic_city, infiniplex_staircase_pool
Lair:2:   layout_small_grid, nicolae_spider_entry_lesser_pyramids,
          infiniplex_staircase_pool_2
Lair:3:   layout_regular_city, shoals_dummy_entry
Lair:4:   layout_misc_corridors, nicolae_quartered_pool_super, lemuel_fruit_tree
Lair:5:   minmay_lair_end_frog_pond, layout_regular_city, slime_entry_2,
          hellmonk_ghost_happy_afterlife, lemuel_centaur_altar
Shoals:1: cheibrodos_shoals_roost, layout_shoals, ldierk_geyser
Shoals:2: layout_shoals, nicolae_shoals_gull_way
Shoals:3: layout_shoals, nicolae_alphabet_shops
Shoals:4: shoals_end_hellmonk_storm_palace [storm_palace_center_circular,
          storm_palace_corner_pillars, storm_palace_corner_reverse_hut,
          storm_palace_corner_narrow, storm_palace_corner_pillars]
Spider:1: layout_chambers, ebering_ghost_xom,
          nicolae_spider_some_kinda_spiderbox
Spider:2: layout_cave_pods
Spider:3: layout_chambers
Spider:4: grunt_spider_rune_circles, uniq_kirke, uniq_mlioglotl
Orc:1:    layout_caves
Orc:2:    grunt_orc_community_town_hall, layout_caves,
          grunt_orc_community_big_house_1, grunt_orc_community_big_house_1,
          grunt_orc_community_house_1, grunt_orc_community_house_2,
          grunt_orc_community_house_2, grunt_orc_community_house_2,
          grunt_orc_community_house_2, grunt_orc_community_house_2,
          serial_shops, shop, uniq_sonja
Depths:1: layout_big_octagon, minmay_room_of_horrors,
          chequers_serial_rivers_micro_e, pf_hell_entry_tar_river,
          ashenzari_conservatory_becter, grunt_megastairs_4,
          kennysheep_random_hallway
Depths:2: minmay_the_grid_triangle_9x9_recursive_3
          [minmay_the_grid_triangle_9x9_zippers_horizontal,
          minmay_the_grid_triangle_9x9_sprig,
          minmay_the_grid_triangle_9x9_empty,
          minmay_the_grid_triangle_9x9_prize_insulated,
          minmay_the_grid_triangle_9x9_sparse_checkered,
          minmay_the_grid_triangle_9x9_zippers_vertical,
          minmay_the_grid_triangle_9x9_warning,
          minmay_the_grid_triangle_9x9_stretched_checkered,
          minmay_the_grid_triangle_9x9_negative_grid], layout_cave_pools,
          grunt_decor_arrowhead, pf_hell_entry_great_geh, pan_entry,
          kennysheep_crisscross, wad_scary_box, uniq_bai_suzhen
Depths:3: minmay_big_diamond_grid, layout_cave_pools, hell_entry,
          hangedman_decor_points, abyss_entry_crystal,
          infiniplex_staircase_split_hallway, uniq_parghit

Skill      XL: |  1  2  3  4  5  6  7  8  9 10 11 12 13 14 15 16 17 18 19 |
---------------+----------------------------------------------------------+-----
Axes           | 3 4 5 7 8 9 10 11 12 13 14 16 17 18 19 | 19.8
Dodging        | 3 5 6 7 8 9 |  9.0
Armour         | 1 2 5 6 7 8 10 11 12 13 14 15 | 15.5
Stealth        | 1 2 3 4 |  4.9
Fighting       | 3 7 8 9 10 12 13 14 15 16 17 19 20 | 20.0
Invocations    | 6 7 8 9 10 11 12 | 12.3
Maces & Flails | 1 2 3 |  3.9
Throwing       | 2 |  2.1
Evocations     | |  0.2

Action                     |  1- 3 |  4- 6 |  7- 9 | 10-12 | 13-15 | 16-18 | 19-21 || total
---------------------------+-------+-------+-------+-------+-------+-------+-------++-------
  Melee: War axe           |    87 |   154 |   179 |   195 |       |       |       ||   615
         Punch             |       |     2 |     3 |     4 |     2 |       |       ||    11
         Tailslap          |       |     8 |    30 |   103 |   247 |   301 |    66 ||   755
         Headbutt          |       |       |     1 |   118 |   309 |    24 |       ||   452
         Battleaxe         |       |       |       |   347 |  1035 |  1413 |   286 ||  3081
         Morningstar       |       |       |       |     8 |   106 |       |       ||   114
  Throw: Throwing net      |       |       |       |       |     3 |     4 |       ||     7
 Invoke: Minor Destruction |       |       |       |    20 |     2 |       |       ||    22
         Major Destruction |       |       |       |     5 |    36 |    36 |    10 ||    87
         Lesser Servant of |       |       |       |     3 |    12 |    32 |     2 ||    49
         Greater Servant o |       |       |       |       |       |     3 |     2 ||     5
Ability: Evoke Blink       |       |       |       |     1 |       |       |       ||     1
  Evoke: Wand              |       |       |       |       |     1 |       |       ||     1
    Use: Scroll            |     8 |     6 |    12 |     6 |    23 |    11 |     5 ||    71
         Potion            |       |       |     3 |     5 |    16 |    12 |     7 ||    43
   Stab: Sleeping          |     1 |     3 |     8 |     2 |       |       |       ||    14
         Distracted        |       |       |       |     2 |     4 |    11 |     2 ||    19
         Petrifying        |       |       |       |       |     2 |       |       ||     2
         Petrified         |       |       |       |       |     2 |       |       ||     2
         Held in net/web   |       |       |       |       |     3 |       |       ||     3
         Invisible         |       |       |       |       |       |       |     2 ||     2
 Armour: Leather armour    |     5 |       |       |       |       |       |       ||     5
         Ring mail         |    29 |    91 |    96 |    11 |       |       |       ||   227
         Plate armour      |       |       |       |   320 |  1025 |  1372 |   150 ||  2867
  Dodge: Dodged            |    51 |   115 |   195 |   605 |  1406 |  1433 |   139 ||  3944

Table legend: (Time is in decaauts)
 A = Elapsed time spent in this place.
 B = Non-inter-level travel time spent in this place.
 C = Inter-level travel time spent in this place.
 D = Time resting spent in this place.
 E = Time spent auto-exploring this place.
 F = Levels seen in this place.
 G = Mean time per level.
                   A        B        C        D        E       F      G
               +--------+--------+--------+--------+--------+-----+--------+
         Total |  38170 |  36170 |   2000 |   5588 |  23436 |  35 | 1090.6 |
       Dungeon |  14343 |  13400 |    943 |   1515 |   9516 |  15 |  956.2 |
        Temple |     18 |     18 |      0 |      0 |      0 |   1 |   18.0 |
          Lair |   6751 |   6344 |    407 |    737 |   4344 |   5 | 1350.2 |
        Shoals |   3304 |   3067 |    237 |     38 |   2187 |   4 |  826.0 |
   Spider Nest |   7152 |   6996 |    156 |   1961 |   3894 |   4 | 1788.0 |
  Orcish Mines |   2488 |   2311 |    177 |    328 |   1435 |   2 | 1244.0 |
        Depths |   3932 |   3853 |     79 |   1008 |   1966 |   3 | 1310.7 |
       Ossuary |    178 |    178 |      0 |      0 |     93 |   1 |  178.0 |
               +--------+--------+--------+--------+--------+-----+--------+

Top non-repeatable levels by time:
Spider:3: 2593 daAuts
Spider:1: 2521 daAuts
  Lair:5: 2338 daAuts
Depths:2: 2085 daAuts
   Orc:2: 1733 daAuts
Depths:1: 1471 daAuts
    D:12: 1396 daAuts
  Lair:2: 1365 daAuts
     D:6: 1332 daAuts
    D:15: 1213 daAuts
Spider:4: 1204 daAuts
     D:4: 1129 daAuts
  Lair:1: 1117 daAuts
     D:7: 1099 daAuts
     D:5: 1016 daAuts
